AoeStats
← Fenix

Lombardia

509356644Analyzed
4v4 RM · 7d ago on Sep 26, 2026· 25m 39s· 8 players
Game mode
Random Map
Map size
Large (8 player)
Population
200
Speed
Normal
Resources
Standard
Victory
Conquest
Starting age
Dark Age
Ending age
Imperial Age
RankedLock teamsTeams togetherTeam positionsShared explorationLock speedFull tech treeHidden civsTurbo modeCheats
Victory
Defeat
🇲🇴 Cumans · Macao SAR China
1501
+11
🇮🇳 Burmese · India
1494
+11
🇬🇧 Khmer · United Kingdom
1442
+13
🇨🇳 Malians · China
1406
+14
🇵🇪 Gurjaras · Peru
1390
-13
🇬🇧 Aztecs · United Kingdom
1383
-12
🇳🇱 Armenians · Netherlands
1372
-12
🇳🇱 Koreans · Netherlands
1372
-12
Lugal
5:10 Loom
9:34 Feudal Age
12:27 Horse Collar
19:59 Castle Age
18:23 Forging
18:16 Double-Bit Axe
20:29 Scale Barding Armor
20:37 Bloodlines
20:38 Light Cavalry
21:56 Husbandry
22:22 Bow Saw
22:12 Heavy Plow
22:48 Gold Mining
crux_dy164
8:28 Loom
10:40 Feudal Age
14:59 Castle Age
14:16 Double-Bit Axe
14:37 Horse Collar
18:44 Squires
25:59 Bow Saw
25:42 Gold Mining
屁屁人
9:41 Feudal Age
9:58 Loom
11:11 Double-Bit Axe
12:32 Horse Collar
22:55 Castle Age
22:13 Wheelbarrow
22:12 Forging
22:20 Gold Mining
23:10 Bloodlines
24:42 Heavy Plow
24:54 Bow Saw
24:52 Scale Barding Armor
26:14 Hand Cart
Issue
10:58 Feudal Age
10:48 Loom
14:48 Castle Age
15:43 Horse Collar
16:25 Heavy Plow
18:00 Wheelbarrow
17:11 Town Watch
23:15 Loom
26:12 Hand Cart
docsparkles
5:25 Loom
11:40 Feudal Age
13:28 Wheelbarrow
16:01 Castle Age
14:14 Double-Bit Axe
14:53 Horse Collar
17:37 Bow Saw
23:00 Fletching
24:42 Padded Archer Armor
CallMePinda
4:36 Loom
12:43 Feudal Age
11:07 Loom
16:16 Castle Age
15:16 Horse Collar
16:51 Double-Bit Axe
17:19 Heavy Plow
18:44 Bow Saw
24:27 Wheelbarrow
Zilvervloot
11:08 Feudal Age
15:16 Castle Age
13:53 Double-Bit Axe
13:51 Horse Collar
18:55 Squires
23:05 Fletching
24:29 Wheelbarrow
23:39 Loom
23:40 Town Watch
24:42 Bodkin Arrow
26:08 Bow Saw
26:00 Heavy Plow
Fenix
5:39 Loom
8:01 Feudal Age
9:29 Double-Bit Axe
9:29 Horse Collar
13:33 Town Watch
18:41 Castle Age
18:50 Gold Mining
20:52 Husbandry
21:04 Bloodlines
21:00 Scale Barding Armor
23:12 Chain Barding Armor
Connection lost

Rejoining the realm…

Still unreachable

The connection could not be restored.

Session expired

The server has moved on; the page needs a fresh start.